[Event "*** Biggest EVER Titled Tuesday"]
[Site "Chess.com"]
[Date "2018.04.17"]
[Round "2"]
[White "SantoBlue"]
[Black "rekosheten"]
[Result "0-1"]
[WhiteElo "2647"]
[BlackElo "2402"]
[TimeControl "180+2"]
[EndTime "13:21:21 PDT"]
[Termination "rekosheten won on time"]

1. e4 Nf6 2. e5 Nd5 3. d4 d6 4. Nf3 Nc6 5. h3 dxe5 6. dxe5 Bf5 7. Bb5 Nb4 8. Bxc6+ bxc6 9. Na3 Qxd1+ 10. Kxd1 O-O-O+ 11. Bd2 h6 12. Kc1 e6 13. Re1 Bc5 14. Re2 Rd7 15.
Bxb4 Bxb4 16. Nc4 Rhd8 17. Ne3 Be4 18. a3 Bxf3 19. gxf3 Bd2+ 20. Kb1 Bxe3 21. fxe3 Rd2 22. Re1 Rh2 23. Ka2 Rdd2 24. Rac1 Rxh3 25. f4 Rhh2 0-1

[Event "*** Biggest EVER Titled Tuesday"]
[Site "Chess.com"]
[Date "2018.04.17"]
[Round "2"]
[White "nailbeshirli"]
[Black "SelfishShellfish"]
[Result "1-0"]
[WhiteElo "2272"]
[BlackElo "2187"]
[TimeControl "180+2"]
[EndTime "13:21:23 PDT"]
[Termination "nailbeshirli won by resignation"]

1. e4 Nc6 2. Nf3 d6 3. Nc3 Nf6 4. d4 g6 5. Be2 Bg7 6. h3 O-O 7. O-O e5 8. Be3 a6 9. a4 Be6 10. d5 Bd7 11. dxc6 Bxc6 12. Bg5 h6 13. Bxf6 Bxf6 14. Nd5 Bg7 15. Qd2 f5 16. Bd3 Bxd5 17. exd5 e4 18. Ne1 exd3 19. Nxd3 Qf6 20. Rae1 Rae8 21. c3 g5 22. Rxe8 Rxe8 23. Re1 Re4 24. f3 Re7 25. Rxe7 Qxe7 26. Kf1 Bf6 27. Qe2 Qf7 28.
c4 Kg7 29. g4 Qd7 30. b3 h5 31. gxh5 f4 32. Kg2 Qf7 33. Qe6 Qxh5 34. Nf2 Qf7 35. Qf5 Qg6 36. Qd7+ Qf7 37. Qc8 Bd4 38. Ne4 Bb6 39. Qg4 Kf8 40. Nxg5 Qe7 41. Ne6+ Ke8 42. Qg8+ Kd7 43. Nf8+ Ke8 44. Ng6+ 1-0

[Event "*** Biggest EVER Titled Tuesday"]
[Site "Chess.com"]
[Date "2018.04.17"]
[Round "2"]
[White "DishonorOnYourCow"]
[Black "jcibarra"]
[Result "0-1"]
[WhiteElo "2318"]
[BlackElo "2613"]
[TimeControl "180+2"]
[EndTime "13:21:25 PDT"]
[Termination "jcibarra won by resignation"]

1. d4 Nf6 2. c4 d6 3. Nc3 e5 4. e3 Nbd7 5. Nf3 g6 6. Be2 Bg7 7. O-O O-O 8. b4 a5 9. b5 b6 10. Bb2 Re8 11. Nd5 Nxd5 12. cxd5 e4 13. Nd2 Bb7 14.
Bc4 Nf6 15. a4 Bxd5 16. Qc2 Qe7 17. Rac1 Qe6 18. Bxd5 Nxd5 19. Qc4 f5 20. Nb1 Rac8 21. Nc3 Nb4 22. Qxe6+ Rxe6 23. Ba3 Nd3 24. Rc2 f4 25. Nd5 fxe3 26. fxe3 Bh6 27. Nxb6 Bxe3+ 28. Kh1 Rf8 29. Rxf8+ Kxf8 30. Rxc7 Bxd4 31. Nd7+ Ke8 32. b6 e3 33. b7 Ba7 34. Nb6 e2 35. Rc8+ Kf7 0-1

[Event "*** Biggest EVER Titled Tuesday"]
[Site "Chess.com"]
[Date "2018.04.17"]
[Round "2"]
[White "Dedic8"]
[Black "Mikhail_Golubev"]
[Result "0-1"]
[WhiteElo "2584"]
[BlackElo "2395"]
[TimeControl "180+2"]
[EndTime "13:21:26 PDT"]
[Termination "Mikhail_Golubev won by resignation"]

1. e4 c5 2. Nf3 d6 3. d4 cxd4 4. Nxd4 Nf6 5. Nc3 g6 6. Be3 Bg7 7. f3 O-O 8. Qd2 Nc6 9. O-O-O d5 10. Kb1 Nxd4 11. e5 Nf5 12. exf6 Bxf6 13. Nxd5 Qxd5 14.
Qxd5 Nxe3 15. Qd2 Nxd1 16. Qxd1 Be6 17. Bb5 Rac8 18. Ba4 Rc5 19. Bb3 Bxb3 20. axb3 Rfc8 21. c3 a5 22. Qe2 b5 23. Rd1 b4 24. c4 a4 25. bxa4 b3 26. Rd3 Rxc4 27. Rxb3 Rxa4 28. Rb7 Kg7 29. g3 h5 30. f4 Rac4 31. f5 g5 32.
Qxh5 g4 33. h3 Rh8 34. hxg4 Rxh5 35. gxh5 Kh6 0-1

[Event "*** Biggest EVER Titled Tuesday"]
[Site "Chess.com"]
[Date "2018.04.17"]
[Round "2"]
[White "platy3"]
[Black "ENEASZ"]
[Result "1-0"]
[WhiteElo "2669"]
[BlackElo "2476"]
[TimeControl "180+2"]
[EndTime "13:21:28 PDT"]
[Termination "platy3 won by checkmate"]

1. e4 d6 2. d4 Nf6 3. Nc3 e5 4. Nf3 Nbd7 5. Bc4 Be7 6. a4 O-O 7. O-O c6 8. Re1 a5 9. Ba2 h6 10. h3 Qc7 11. Be3 Re8 12. Qd2 Nf8 13. Rad1 Ng6 14.
dxe5 dxe5 15. Bxh6 Rd8 16. Qc1 Rxd1 17. Rxd1 gxh6 18. Qxh6 Nf4 19. Ng5 Be6 20. Bxe6 Nxe6 21. Rd3 Nxg5 22. Qxg5+ Kf8 23. Qh6+ Ke8 24. Qh8+ Bf8 25.
Qxf6 Ra6 26. Ne2 c5 27. Qf5 c4 28. Rd1 Re6 29. Nc3 Qb6 30. Nd5 Qc5 31. g3 Be7 32. Kg2 Bd8 33. Qh5 Be7 34. Qh8+ Bf8 35.
Nf6+ Ke7 36. Rd7# 1-0

[Event "*** Biggest EVER Titled Tuesday"]
[Site "Chess.com"]
[Date "2018.04.17"]
[Round "2"]
[White "Aygehovit1992"]
[Black "ABDELAZEEZ-M"]
[Result "0-1"]
[WhiteElo "2399"]
[BlackElo "2279"]
[TimeControl "180+2"]
[EndTime "13:21:28 PDT"]
[Termination "ABDELAZEEZ-M won by resignation"]

1. e4 c5 2. Nf3 Nc6 3. Bb5 g6 4. Bxc6 bxc6 5. O-O Bg7 6. Re1 e5 7. c3 Ne7 8. d4 cxd4 9. cxd4 exd4 10. Nxd4 O-O 11. Nc3 d5 12. Bg5 f6 13. Be3 c5 14.
Ndb5 d4 15. Qb3+ Kh8 16. Rad1 Qb6 17. Na4 Qc6 18. Bf4 Be6 19. Qa3 Qxb5 20. Nxc5 Bf7 21.
Bd6 Rfe8 22. Na6 Nc6 23. Nc7 Qb7 24. Nxa8 Rxa8 25. Rc1 Rd8 26. Qc5 Rc8 27. e5 fxe5 28. Rxe5 Kg8 29. Qb5 Qd7 30. Rec5 Be8 31. Bf4 d3 32.
Rd5 Qg4 33. Be3 Nd4 34. Qxd3 Ne2+ 35. Kf1 Nxc1 0-1

[Event "*** Biggest EVER Titled Tuesday"]
[Site "Chess.com"]
[Date "2018.04.17"]
[Round "2"]
[White "Kozok"]
[Black "SilverCat1992"]
[Result "1-0"]
[WhiteElo "2207"]
[BlackElo "2073"]
[TimeControl "180+2"]
[EndTime "13:21:29 PDT"]
[Termination "Kozok won by resignation"]

1. e4 d5 2. exd5 Nf6 3. d4 Bg4 4. f3 Bf5 5. Bb5+ Nbd7 6. c4 a6 7. Bxd7+ Qxd7 8. Nc3 e6 9. dxe6 fxe6 10. Nge2 O-O-O 11. Be3 Kb8 12. Qa4 Qxa4 13. Nxa4 Bb4+ 14. Nac3 Bd3 15. c5 Rhe8 16. O-O-O Bg6 17. Nb1 c6 18.
Bf4+ Kc8 19. a3 Ba5 20. b4 Bc7 21. Bxc7 Kxc7 22. Nbc3 Rd7 23. Nf4 Bf7 24. Rhe1 g5 25.
Nfe2 Red8 26. Na4 h6 27. Nb6 Re7 28. Nc3 Bg6 29. Ne4 Nd5 30. Nxd5+ Rxd5 31. Nf6 Rd8 32. Re5 Rf8 33. Ng4 Rd8 34. Nxh6 Rh7 35. Ng4 Rxh2 36. Nxh2 1-0

[Event "*** Biggest EVER Titled Tuesday"]
[Site "Chess.com"]
[Date "2018.04.17"]
[Round "2"]
[White "nOcHeaTiNgKiD"]
[Black "Kangoroo3000"]
[Result "0-1"]
[WhiteElo "2368"]
[BlackElo "2435"]
[TimeControl "180+2"]
[EndTime "13:21:31 PDT"]
[Termination "Kangoroo3000 won by resignation"]

1. Nf3 d5 2. d4 Nf6 3. c4 e6 4.
Nc3 dxc4 5. e4 Bb4 6. Bxc4 Nxe4 7. O-O Nxc3 8. bxc3 Bd6 9. Qc2 Nd7 10. Re1 Nf6 11.
Ne5 O-O 12. Bg5 h6 13. Bh4 Be7 14. Rad1 c6 15. Rd3 Nd5 16. Bxe7 Qxe7 17. Rg3 Qf6 18. Ng4 Qh4 19. Re5 Kh8 20. Qe2 f5 21. Bxd5 cxd5 22. Ne3 Bd7 23. Rh3 Qf6 24. f4 Rac8 25. Nf1 Rc6 26. Nd2 Rfc8 27. Ree3 Rb6 28. Nf3 Rb1+ 29. Ne1 a5 30. Qc2 Rb6 31. Nd3 Qxd4 32. cxd4 Rxc2 33. Re1 Rd2 34. Ne5 Be8 35. Rc3 Bc6 36.
Nf3 Rxa2 37. h4 Rbb2 38. Rxe6 Rxg2+ 39. Kh1 Rgf2 40. Rce3 Ra1+ 41. Ng1 Rxf4 0-1

[Event "*** Biggest EVER Titled Tuesday"]
[Site "Chess.com"]
[Date "2018.04.17"]
[Round "2"]
[White "BillForster"]
[Black "DrStephenStrange"]
[Result "1-0"]
[WhiteElo "1616"]
[BlackElo "1687"]
[TimeControl "180+2"]
[EndTime "13:21:32 PDT"]
[Termination "BillForster won on time"]

1. d4 f5 2. Nc3 Nf6 3. Bg5 e6 4. e4 fxe4 5. Nxe4 Be7 6. Bd3 g6 7. Bh6 Nc6 8. Nf3 Ng4 9. Bg7 Rg8 10. Be5 Ngxe5 11. dxe5 d5 12. exd6 cxd6 13. Qd2 Qa5 14. c3 Bd7 15. O-O O-O-O 16. b4 Qd5 17. Qe2 Ne5 18.
Bc2 Bb5 19. Qe3 Bxf1 20. Kxf1 Nxf3 21. Qxf3 Rdf8 22. Qe3 Kb8 23. Bb3 Qe5 24. Rd1 d5 25. Nc5 Bxc5 26. Qxc5 Qxh2 27. Bxd5 exd5 28. Qxd5 a6 29. b5 1-0

[Event "*** Biggest EVER Titled Tuesday"]
[Site "Chess.com"]
[Date "2018.04.17"]
[Round "2"]
[White "Dr-Bassem"]
[Black "hilary444"]
[Result "0-1"]
[WhiteElo "2709"]
[BlackElo "2530"]
[TimeControl "180+2"]
[EndTime "13:21:36 PDT"]
[Termination "hilary444 won on time"]

1. e4 e5 2. Nf3 Nc6 3. Bb5 a6 4. Ba4 Nf6 5. Qe2 b5 6. Bb3 Be7 7. a4 b4 8. d4 d6 9. Qc4 O-O 10. Qxc6 Rb8 11. dxe5 Bb7 12. Qc4 Nxe4 13. O-O a5 14.
Bf4 d5 15. Qe2 Nc5 16. Rd1 Ba6 17. Qe3 Nxb3 18. cxb3 c5 19. e6 Rb6 20. exf7+ Rxf7 21. Nbd2 d4 22. Qe5 Bd6 23. Qg5 Be7 24. Qe5 Bd6 25.
Qd5 Bb7 26. Qc4 Bxf4 27. Qxc5 Rg6 28. g3 Bxd2 29. Nxd2 Qh4 30. Nf1 Qe4 0-1

[Event "*** Biggest EVER Titled Tuesday"]
[Site "Chess.com"]
[Date "2018.04.17"]
[Round "2"]
[White "Cryptochess"]
[Black "Keaton87"]
[Result "1-0"]
[WhiteElo "2415"]
[BlackElo "2450"]
[TimeControl "180+2"]
[EndTime "13:21:37 PDT"]
[Termination "Cryptochess won on time"]

1. e4 c5 2. Nc3 a6 3. g3 b5 4. Bg2 Bb7 5. d3 e6 6. Be3 b4 7. Nce2 d5 8. exd5 Bxd5 9. Nf3 Nf6 10. O-O Be7 11. h3 O-O 12. Nf4 Bb7 13. Ne5 Bxg2 14.
Kxg2 Nfd7 15. Qf3 Ra7 16. Nc4 Nb6 17. Rfd1 Nxc4 18. dxc4 Qc8 19. a3 Nc6 20. Nd3 bxa3 21. Rxa3 Nd4 22. Bxd4 cxd4 23. Ra4 Qb8 24. Rda1 Qb6 25.
Qe4 f5 26. Qe5 Bf6 27. Qc5 Qb7+ 28. Kh2 Rc8 29. Qb4 Qf3 30. Rxa6 Rxa6 31. Rxa6 e5 32. Qd6 Kh8 33. Qd5 Qe2 34. Ra8 1-0

[Event "*** Biggest EVER Titled Tuesday"]
[Site "Chess.com"]
[Date "2018.04.17"]
[Round "2"]
[White "Quiet_Desperation"]
[Black "AnonymousBread"]
[Result "1-0"]
[WhiteElo "2409"]
[BlackElo "2397"]
[TimeControl "180+2"]
[EndTime "13:21:38 PDT"]
[Termination "Quiet_Desperation won by resignation"]

1. e4 e5 2. Nf3 Nc6 3. Bb5 Nge7 4. c3 g6 5. d4 exd4 6. cxd4 a6 7. Ba4 b5 8. Bb3 d6 9. h3 Bg7 10. O-O O-O 11. Nc3 Na5 12. Bc2 c5 13. Rb1 Bb7 14.
Be3 Rc8 15. d5 Nc4 16. Bc1 h6 17. Qe1 Re8 18. b3 Nb6 19. Ne2 f5 20. Nf4 fxe4 21.
Ne6 Qd7 22. Nxg7 exf3 23. Nxe8 Rxe8 24. Bb2 fxg2 25. Qc3 gxf1=Q+ 26. Rxf1 Nf5 27. Bxf5 Qh7 28. Be6+ Rxe6 29. dxe6 Nd5 30. Qg3 g5 31. Qxd6 Qc7 32. Qxc7 Nxc7 33. Re1 Kf8 34. e7+ Ke8 35. Bg7 h5 36. Bf6 g4 37. hxg4 hxg4 38. Kh2 Bf3 39. Kg3 Nd5 40. Bg5 c4 41. bxc4 bxc4 42. Rb1 Nxe7 43.
Re1 c3 44. Rxe7+ Kf8 45. Rc7 1-0

[Event "*** Biggest EVER Titled Tuesday"]
[Site "Chess.com"]
[Date "2018.04.17"]
[Round "2"]
[White "nurmiTV"]
[Black "albi1999"]
[Result "1-0"]
[WhiteElo "2469"]
[BlackElo "2385"]
[TimeControl "180+2"]
[EndTime "13:21:39 PDT"]
[Termination "nurmiTV won by checkmate"]

1. c4 e6 2. Nc3 d5 3. e3 Nf6 4. Nf3 Bd6 5. b3 O-O 6. Bb2 b6 7. Be2 Bb7 8. O-O Nbd7 9. Qc2 a6 10. Rac1 Qe7 11. Rfd1 c5 12. cxd5 Nxd5 13. Qb1 Rfd8 14. d4 cxd4 15. Nxd4 Nxc3 16. Bxc3 Nf6 17. h3 Rac8 18.
Nf3 Ba3 19. Bb2 Rxc1 20. Rxc1 Bxb2 21. Qxb2 Rc8 22. Rxc8+ Bxc8 23. Qd4 Nd7 24. b4 Bb7 25.
Qc3 Qd6 26. Nd4 h6 27. a4 Nf6 28. b5 axb5 29. axb5 Ne4 30. Qa1 Nc5 31. Qa7 g6 32. Nc6 Qc7 33. Nd4 Qd6 34. Nc6 Qc7 35. Bf3 e5 36.
Bd5 Qd6 37. e4 Bxc6 38. Qxf7+ Kh8 39. Qg8# 1-0

[Event "*** Biggest EVER Titled Tuesday"]
[Site "Chess.com"]
[Date "2018.04.17"]
[Round "2"]
[White "krzyzan94"]
[Black "wonderfultime"]
[Result "1-0"]
[WhiteElo "2601"]
[BlackElo "2782"]
[TimeControl "180+2"]
[EndTime "13:21:40 PDT"]
[Termination "krzyzan94 won by resignation"]

1. Nf3 Nf6 2. g3 d5 3. Bg2 c6 4. d3 Bf5 5. O-O h6 6. Nbd2 e6 7. Qe1 Be7 8. e4 dxe4 9. dxe4 Bh7 10. Qe2 O-O 11. c3 Na6 12. Ne5 Nd7 13. Ndc4 Nxe5 14.
Nxe5 Qc7 15. Nc4 e5 16. Be3 Nc5 17. Rad1 Nxe4 18. Bxh6 gxh6 19. Bxe4 f5 20. Bg2 Bf6 21. Rd6 Rae8 22. Rfd1 Re7 23. Qh5 Bg7 24. Ne3 e4 25.
Bh3 Ref7 26. Ng2 Qb6 27. b3 Qc5 28. c4 a5 29. Nf4 e3 30. Ne6 exf2+ 31. Kf1 Qe5 32.
Nxf8 Bxf8 33. R6d2 a4 34. Re2 Qc3 35. Rxf2 axb3 36.
axb3 Qxb3 37. Qe2 Bc5 38. Rf3 Qb4 39. Rd8+ Bf8 40. Kg2 Qc5 41. Re3 f4 42. gxf4 Rxf4 43. Rg3+ Kh8 44. Qb2+ 1-0

[Event "*** Biggest EVER Titled Tuesday"]
[Site "Chess.com"]
[Date "2018.04.17"]
[Round "2"]
[White "2Tilted"]
[Black "Princec7"]
[Result "1-0"]
[WhiteElo "2279"]
[BlackElo "2394"]
[TimeControl "180+2"]
[EndTime "13:21:40 PDT"]
[Termination "2Tilted won by resignation"]

1. d4 e6 2. Nf3 Nf6 3. c4 b6 4.
g3 Ba6 5. Qc2 Bb7 6. Bg2 c5 7. d5 exd5 8. cxd5 Nxd5 9. O-O Be7 10.
Rd1 Nc6 11. Qa4 Nf6 12. Nc3 O-O 13. e4 Ne8 14. Bf4 a6 15. Nd5 b5 16. Qc2 Rc8 17. a3 g5 18. Nxe7+ Qxe7 19. Bxg5 f6 20. Bf4 Ne5 21.
Nh4 Ng7 22. Bh6 Rc6 23. Nf5 Nxf5 24. Bxf8 Kxf8 25. exf5 Rc7 26. Bxb7 Rxb7 27. Qe4 Rc7 28. Re1 d6 29. f4 Nc6 30. Qd5 Qd8 31. Re6 Nd4 32.
Rae1 Nxe6 33. fxe6 Re7 34. f5 c4 35. Rd1 Qb6+ 36.
Kg2 Qe3 37. Qa8+ Kg7 38. Qf3 Qc5 39. Rd5 Qc6 40. Qg4+ Kf8 41. Qd4 Kg7 42. Kh3 Re8 43.
Rxd6 Qh1 44. Rd7+ Kg8 45. Qd1 Qxd1 46. Rxd1 Rc8 47. Rd6 a5 48. Rb6 b4 49. axb4 axb4 50. Rxb4 Kf8 51. Rb7 Rc5 52. g4 h5 53. Rf7+ Ke8 54. Rxf6 hxg4+ 55. Kxg4 Rb5 56. Rh6 Rxb2 57. f6 Rg2+ 58. Kf3 Rg8 59. f7+ 1-0

[Event "*** Biggest EVER Titled Tuesday"]
[Site "Chess.com"]
[Date "2018.04.17"]
[Round "2"]
[White "nihalsarin"]
[Black "KenanGarayev"]
[Result "0-1"]
[WhiteElo "2739"]
[BlackElo "2536"]
[TimeControl "180+2"]
[EndTime "13:21:41 PDT"]
[Termination "KenanGarayev won by checkmate"]

1. e4 e6 2. d4 d5 3. e5 c5 4. c3 Nc6 5. Nf3 Bd7 6. a3 Rc8 7. b4 cxd4 8. cxd4 f6 9. Bd3 fxe5 10. dxe5 g6 11. Bg5 Qc7 12. O-O Bg7 13. Re1 Nxe5 14. Nxe5 Bxe5 15. Ra2 Nf6 16. Rae2 Bxh2+ 17. Kh1 O-O 18.
Bxf6 Rxf6 19. g3 Bxg3 20. fxg3 Qxg3 21. Rg2 Qf4 22. Rf1 Qh4+ 23. Rh2 Rxf1+ 24. Qxf1 Qg3 25. Nd2 Rf8 26. Qe2 e5 27. Nf1 Qf3+ 28. Kg1 e4 29. Bb5 Bxb5 30. Qxb5 e3 31. Qd3 Re8 32. Re2 Re5 33.
Nxe3 Rg5+ 34. Kh2 Qh5# 0-1

[Event "*** Biggest EVER Titled Tuesday"]
[Site "Chess.com"]
[Date "2018.04.17"]
[Round "2"]
[White "Gajuchess"]
[Black "AkshatChandra"]
[Result "0-1"]
[WhiteElo "2591"]
[BlackElo "2788"]
[TimeControl "180+2"]
[EndTime "13:21:44 PDT"]
[Termination "AkshatChandra won on time"]

1. Nf3 d5 2. e3 Nf6 3. c4 e6 4. Nc3 Be7 5. b3 O-O 6. Bb2 b6 7. cxd5 exd5 8. d4 Bb7 9. Be2 Nbd7 10. O-O a6 11. Ne5 Bd6 12. Nxd7 Qxd7 13. Bf3 Ne4 14. Qc2 f5 15. Rac1 Rae8 16. a3 f4 17. exf4 Bxf4 18.
Rcd1 Bxh2+ 19. Kxh2 Rxf3 20. Nxe4 Rxe4 21. Rc1 Rf7 22.
f3 Rh4+ 23. Kg1 Qd6 24. Rce1 Bc6 25. Re5 Qh6 26. Kf2 Rh2 27. Rg1 Qh4+ 28. Ke2 Bb5+ 29.
Kd1 Rxf3 30. a4 Rd3+ 31. Kc1 Rh1 0-1

[Event "*** Biggest EVER Titled Tuesday"]
[Site "Chess.com"]
[Date "2018.04.17"]
[Round "2"]
[White "Makalexa"]
[Black "BlackBoarder"]
[Result "0-1"]
[WhiteElo "2118"]
[BlackElo "2243"]
[TimeControl "180+2"]
[EndTime "13:21:46 PDT"]
[Termination "BlackBoarder won by resignation"]

1. e4 e6 2. d4 d5 3. Nc3 Bb4 4.
e5 Ne7 5. a3 Bxc3+ 6. bxc3 c5 7. Qg4 O-O 8. Bd3 f5 9. exf6 Rxf6 10. h4 e5 11. Qh5 e4 12. Bg5 exd3 13. Bxf6 gxf6 14.
cxd3 cxd4 15. cxd4 Qa5+ 16. Ke2 Nbc6 17. Nf3 Bd7 18. g4 Re8 19. Kf1 Qc3 20. Kg2 Nxd4 21. Rac1 Qxd3 22. Nxd4 Qxd4 23. f3 Ng6 24. Qh6 Nf4+ 25.
Kg3 Ne2+ 26. Kh3 Nxc1 27. Rxc1 Qe3 28. Rf1 Qxh6 0-1

[Event "*** Biggest EVER Titled Tuesday"]
[Site "Chess.com"]
[Date "2018.04.17"]
[Round "2"]
[White "Guriempire"]
[Black "chessking2151"]
[Result "0-1"]
[WhiteElo "2520"]
[BlackElo "2388"]
[TimeControl "180+2"]
[EndTime "13:21:50 PDT"]
[Termination "chessking2151 won on time"]

1. d4 Nf6 2. c4 g6 3. Nc3 d5 4. Nf3 Bg7 5. Bg5 Ne4 6. Bh4 Nxc3 7.
bxc3 O-O 8. cxd5 Qxd5 9. Bxe7 Re8 10. Ba3 Bg4 11. e3 c5 12. Bxc5 Nd7 13. Bb4 a5 14. Ba3 Rac8 15. Bb2 Nf6 16. Be2 Ne4 17. c4 Rxc4 18.
Bxc4 Qxc4 19. Qb3 Qa6 20. Rc1 Bf8 21. Qc4 Bb4+ 22. Ke2 Qf6 23. h3 Nd2 24. Qd5 Qa6+ 25. Kd1 Qd3 26. Qb5 Qxb5 27. hxg4 Nxf3 0-1

[Event "*** Biggest EVER Titled Tuesday"]
[Site "Chess.com"]
[Date "2018.04.17"]
[Round "2"]
[White "ToivoK3"]
[Black "wadsy27"]
[Result "1-0"]
[WhiteElo "2226"]
[BlackElo "2141"]
[TimeControl "180+2"]
[EndTime "13:21:53 PDT"]
[Termination "ToivoK3 won by resignation"]

1. e4 c5 2. Nf3 e6 3. d4 cxd4 4. Nxd4 Nc6 5. Nc3 Qc7 6. g3 a6 7.
Bg2 Nf6 8. O-O Nxd4 9. Qxd4 Bc5 10. Bf4 d6 11. Qd2 h6 12. Rad1 e5 13. Be3 Be6 14.
Bxc5 dxc5 15. f4 O-O 16. fxe5 Qxe5 17. Qf4 Qxf4 18. gxf4 Ng4 19. Rfe1 f5 20. e5 h5 21. Rd6 Bc4 22. b3 Bf7 23. Bxb7 Rae8 24. Bd5 Bxd5 25. Nxd5 g5 26. Rg6+ Kh7 27. Rxg5 Rg8 28.
h3 Rxg5 29. fxg5 Rxe5 30. Rxe5 Nxe5 31. Kf2 h4 32. Ke3 Kg6 33. Kf4 Nc6 34. c3 a5 35.
a4 Nd8 36. Ne7+ Kh5 37. Kxf5 Nf7 38. g6 Nd6+ 39. Ke6 Ne8 40. Kf7 Nd6+ 41. Kg8 Ne8 42.
Kf8 Nf6 43. g7 Kg5 44. Nd5 Nd7+ 45. Ke7 1-0

[Event "*** Biggest EVER Titled Tuesday"]
[Site "Chess.com"]
[Date "2018.04.17"]
[Round "2"]
[White "Runner"]
[Black "Marcin"]
[Result "0-1"]
[WhiteElo "2393"]
[BlackElo "2274"]
[TimeControl "180+2"]
[EndTime "13:21:55 PDT"]
[Termination "Marcin won by resignation"]

1. e4 c5 2. Nf3 e6 3. g3 Nc6 4.
Bg2 g6 5. d4 cxd4 6. Nxd4 d6 7.
O-O a6 8. Be3 Bg7 9. Na3 Nge7 10. Nc4 O-O 11. Nxc6 Nxc6 12. Nxd6 Bxb2 13. Rb1 Bg7 14.
Nxb7 Bxb7 15. Rxb7 Qa5 16. Qb1 Rac8 17. Rd1 Ne5 18. Bd4 Qa4 19. Qb3 Rc4 20. Ba1 Qc6 21.
Rb6 Qc8 22. c3 Ng4 23. h3 Nf6 24. f3 Nh5 25. Kh2 Qc7 26. f4 g5 27. Rb7 Qc5 28. Qb6 gxf4 29. Qxc5 fxg3+ 30. Kg1 Rxc5 31. Rd3 Nf4 32. Re3 Rd8 33. Rb1 Rd2 34. Bf1 g2 35. Bxa6 Rxa2 36. Bb2 Rxa6 0-1

[Event "*** Biggest EVER Titled Tuesday"]
[Site "Chess.com"]
[Date "2018.04.17"]
[Round "2"]
[White "ChessTrail"]
[Black "ShimanovAlex"]
[Result "0-1"]
[WhiteElo "2498"]
[BlackElo "2706"]
[TimeControl "180+2"]
[EndTime "13:21:59 PDT"]
[Termination "ShimanovAlex won on time"]

1. e4 c6 2. d4 d5 3. e5 c5 4.
dxc5 e6 5. a3 Bxc5 6. b4 Bb6 7.
Qg4 Ne7 8. Nf3 O-O 9. Bb2 a5 10. b5 Nd7 11. Bd3 Ng6 12. h4 Bc7 13. Qg3 f6 14.
Bxg6 hxg6 15. Qxg6 Nxe5 16. Bxe5 Bxe5 17. Nxe5 fxe5 18.
Nd2 Qf6 19. Qg3 Bd7 20. a4 Rac8 21. c4 e4 22. O-O Be8 23. Qd6 Bf7 24. cxd5 exd5 25.
Qxf6 gxf6 26. Nb3 b6 27. Rac1 Rc4 28. Rxc4 dxc4 29. Nd4 Rd8 30. Nc6 Rd2 31. Rc1 Kf8 32. Na7 Be6 33. h5 Rd3 34. h6 c3 35. Nc6 Bb3 36. Nd4 Bxa4 37. Ne6+ Kg8 38. Kh2 c2 0-1

[Event "*** Biggest EVER Titled Tuesday"]
[Site "Chess.com"]
[Date "2018.04.17"]
[Round "2"]
[White "Caterpiller35"]
[Black "mjray79"]
[Result "1-0"]
[WhiteElo "2243"]
[BlackElo "2031"]
[TimeControl "180+2"]
[EndTime "13:22:00 PDT"]
[Termination "Caterpiller35 won by checkmate"]

1. d4 Nf6 2. Bg5 Ne4 3. Bf4 d5 4. e3 c5 5. Bd3 Nf6 6. c3 cxd4 7. exd4 Nc6 8. Nd2 Bg4 9. Qb3 Qd7 10. Ngf3 e6 11.
Ne5 Qc8 12. O-O Nxe5 13. dxe5 Nd7 14. c4 Nc5 15. Qb5+ Qc6 16. cxd5 exd5 17. Rac1 Bd7 18.
Qxc6 bxc6 19. Be2 Ne6 20. Bg3 Bb4 21. Rfd1 O-O 22. a3 Ba5 23. b4 Bb6 24. Nb3 a5 25. Ra1 a4 26. Nc1 Nd4 27. Bd3 Bg4 28. Rd2 Rac8 29.
h3 Bf5 30. Bxf5 Nxf5 31. Kh2 Nxg3 32. Kxg3 Rfe8 33. f4 Bc7 34. Nd3 g5 35. Rc1 gxf4+ 36.
Kxf4 f6 37. Kf5 Bxe5 38. Rdc2 Rc7 39. Rxc6 Rg7 40. Nxe5 Rxe5+ 41. Kxf6 Re3 42. Rc8+ Re8 43. Rxe8# 1-0

[Event "*** Biggest EVER Titled Tuesday"]
[Site "Chess.com"]
[Date "2018.04.17"]
[Round "2"]
[White "oskariot"]
[Black "cheese111"]
[Result "0-1"]
[WhiteElo "2379"]
[BlackElo "2426"]
[TimeControl "180+2"]
[EndTime "13:22:05 PDT"]
[Termination "cheese111 won by resignation"]

1. Nc3 Nf6 2. Nf3 d5 3. d4 g6 4. Bf4 Bg7 5. Qd2 Ne4 6. Nxe4 dxe4 7. Ng5 Qxd4 8. Qxd4 Bxd4 9. c3 Bg7 10. Bxc7 Na6 11. Bg3 Bf5 12. e3 Bf6 13. Bb5+ Kf8 14. Nh3 Kg7 15.
Nf4 h5 16. h4 Rhd8 17. Ke2 Nc5 18. Rhd1 a6 19. Bc4 Na4 20. Rdb1 Rac8 21. Bb3 Nc5 22. Rd1 e6 23. Bc2 Bg4+ 24. f3 exf3+ 25. gxf3 e5 26.
Nd5 Be6 27. Nxf6 Kxf6 28. b3 e4 29. Rd4 exf3+ 30. Kxf3 Bg4+ 31. Kf2 Ne6 32. Re4 Rd2+ 0-1

[Event "*** Biggest EVER Titled Tuesday"]
[Site "Chess.com"]
[Date "2018.04.17"]
[Round "2"]
[White "moro182"]
[Black "Alopekos"]
[Result "1-0"]
[WhiteElo "2585"]
[BlackElo "2288"]
[TimeControl "180+2"]
[EndTime "13:22:06 PDT"]
[Termination "moro182 won on time"]

1. d4 Nf6 2. Nf3 e6 3. c4 d5 4. Nc3 c5 5. cxd5 Nxd5 6. e4 Nxc3 7. bxc3 cxd4 8. cxd4 Bb4+ 9. Bd2 Bxd2+ 10. Qxd2 O-O 11. Rc1 b6 12. Bd3 Ba6 13. O-O Bxd3 14. Qxd3 Nd7 15. Rc3 Rc8 16. Rfc1 Rxc3 17. Rxc3 Qb8 18. e5 h6 19. Qc4 b5 20. Qc6 Rd8 21. h4 Qb6 22. Qc7 b4 23. Rc6 Qxc7 24. Rxc7 a5 25. Ra7 Nb6 26.
Rxa5 Nd5 27. Ra7 Rc8 28. Nd2 Rc1+ 29. Kh2 Rc2 30. Ne4 Nc3 31. Nd6 Rxf2 32. h5 Nxa2 33. Kg3 Rd2 34. Ra8+ Kh7 35. Nxf7 g5 36. Ra7 Rd3+ 37.
Kf2 Ra3 38. Rb7 b3 39. d5 exd5 40. e6 b2 41. Nd8+ Kg8 42. e7 1-0

[Event "*** Biggest EVER Titled Tuesday"]
[Site "Chess.com"]
[Date "2018.04.17"]
[Round "2"]
[White "GMMatamoros"]
[Black "DrRiebert"]
[Result "1-0"]
[WhiteElo "2494"]
[BlackElo "2600"]
[TimeControl "180+2"]
[EndTime "13:22:07 PDT"]
[Termination "GMMatamoros won by resignation"]

1. Nf3 c5 2. c4 Nc6 3. Nc3 Nf6 4. g3 e5 5. Bg2 g6 6. d3 Bg7 7. Bg5 h6 8. Bxf6 Bxf6 9. O-O O-O 10. a3 d6 11. Nd2 Bg7 12. Rb1 a5 13. Nd5 Be6 14. e3 Ra7 15. Qa4 f5 16. Qb5 Rf7 17. b4 axb4 18. axb4 cxb4 19. Nxb4 Nxb4 20. Rxb4 Ra2 21. Nb1 Rd7 22. Nc3 Rd2 23. Bd5 Bxd5 24. Qxd5+ Kh7 25. Nb1 Ra2 26. Rxb7 Rxb7 27. Qxb7 Qa5 28.
Qb3 Qa7 29. Nc3 Ra3 30. Qb4 Qc5 31. Qxc5 dxc5 32. Nd5 Rxd3 33. Rb1 h5 34. h4 Kh6 35.
Rb6 Rd1+ 36. Kg2 Rc1 37. Ne7 Rxc4 38. Rxg6+ Kh7 39. Rc6 f4 40. Nf5 fxe3 41. Nxe3 Rd4 42. Nf5 Rd7 43. Nxg7 Kxg7 44. Rxc5 Re7 45. Kf3 Kf6 46.
Ke4 Re6 47. f3 Re7 48. Rc6+ Re6 49. Rxe6+ Kxe6 50. g4 Kf6 51. Kd5 e4 52. Kxe4 hxg4 53. fxg4 Kg6 54. Ke5 Kg7 55. Kf5 Kf7 1-0

[Event "*** Biggest EVER Titled Tuesday"]
[Site "Chess.com"]
[Date "2018.04.17"]
[Round "2"]
[White "MITerryble"]
[Black "SergeiAza"]
[Result "0-1"]
[WhiteElo "2639"]
[BlackElo "2647"]
[TimeControl "180+2"]
[EndTime "13:22:08 PDT"]
[Termination "SergeiAza won by resignation"]

1. d4 Nf6 2. Nf3 d5 3. c4 e6 4.
e3 b6 5. b3 Bb7 6. Bd3 c5 7. O-O cxd4 8. exd4 dxc4 9. bxc4 Be7 10.
Bb2 O-O 11. Nbd2 Nc6 12. Rc1 Rc8 13. Qe2 Qc7 14. a3 Rfd8 15. Rfe1 Qf4 16. Nb3 Bf8 17. Rcd1 Na5 18. Nxa5 Bxf3 19. Qxf3 Qxf3 20. gxf3 bxa5 21.
c5 Nd5 22. Bc4 g6 23. Bc1 Bg7 24. Bg5 Rd7 25. Bb5 Rdc7 26. Bc4 h6 27. Bh4 Ne7 28. Ba6 Nf5 29. Bxc8 Nxh4 30. Re4 Nxf3+ 31. Kg2 Ng5 32. Re2 Rxc8 33. d5 exd5 34. Rxd5 Ne6 35. Rd7 Nf4+ 36. Kf3 Nxe2 0-1